 Dungeon Crawl Stone Soup version 0.28-a0-429-g1448048969 (webtiles) character file.

Game seed: 7619590465794284159

15810 Conn the Arsonist (level 12, -25/72 HPs)
             Began as an Octopode Fire Elementalist on Sept 10, 2021.
             Was an Elder of Sif Muna.
             Killed by Lee's Rapid Deconstruction
             ... invoked by Jorgrun
              (31 damage)
             ... while petrified by Jorgrun
             ... on level 12 of the Dungeon.
             The game lasted 01:01:16 (15521 turns).

Conn the Arsonist (Octopode Fire Elementalist)     Turns: 15521, Time: 01:01:16

Health: -25/72     AC:  5    Str:  7    XL:     12   Next: 30%
Magic:  9/24       EV:  2    Int: 23    God:    Sif Muna [****..]
Gold:   818        SH:  0    Dex: 12    Spells: 8/27 levels left

rFire   . . .      SeeInvis .   l - +6 spear (vorpal)
rCold   + . .      Faith    .   f - +2 buckler
rNeg    + + +      Spirit   .   (helmet restricted)
rPois   ∞          Reflect  .   x - amulet of the acrobat
rElec   .          Harm     .   j - +4 ring of evasion
rCorr   +          Rampage  .   n - +4 ring of evasion
Will    .....                   z - +4 ring of protection
Stlth   ++++......              H - ring of resist corrosion
HPRegen 0.22/turn               G - ring of flight
MPRegen 0.19/turn               (no ring)
                                (no ring)
                                (no ring)

@: petrified, flying, studying Fighting
A: almost no armour, amphibious, 8 rings, camouflage 1, gelatinous body 1,
(nimble swimmer 1), tentacles, beak, tentacle spike 2, cold resistance 1,
evolution 1, noise suppression
a: Renounce Religion, Channel Magic, Forget Spell, Divine Exegesis


You were on level 12 of the Dungeon.
You worshipped Sif Muna.
Sif Muna was greatly pleased with you.
You visited 3 branches of the dungeon, and saw 14 of its levels.
You also visited: Ossuary and Bailey.

You collected 818 gold pieces.

Inventory:

Hand Weapons
 a - a +0 dagger of protection
 d - a +0 dagger
 h - a +0 short sword
 l - a +6 vorpal spear (weapon)
Missiles
 o - a throwing net (quivered)
Armour
 f - a +2 buckler (worn)
Jewellery
 j - a +4 ring of evasion (left tentacle)
 n - a +4 ring of evasion (right tentacle)
 x - an amulet of the acrobat (around mantle)
 y - a ring of ice
 z - a +4 ring of protection (on tentacle)
 G - a ring of flight (on tentacle)
 H - a ring of resist corrosion (on tentacle)
Wands
 v - a wand of acid (3)
 w - a wand of flame (37)
 J - a wand of polymorph (8)
Scrolls
 e - a scroll of magic mapping
 p - a scroll of holy word
 A - a scroll of silence
 B - a scroll of immolation
 E - a scroll of amnesia
 F - 3 scrolls of enchant weapon
 L - a scroll of teleportation
Potions
 c - 4 potions of brilliance
 g - 2 potions of attraction
 i - 6 potions of curing
 k - 2 potions of berserk rage
 m - 3 potions of lignification
 q - a potion of magic
 r - 3 potions of heal wounds
 s - 2 potions of flight
 t - a potion of cancellation
 C - 3 potions of degeneration


   Skills:
 + Level 3.5 Fighting
 + Level 4.8 Polearms
 + Level 0.2 Throwing
 + Level 3.9 Dodging
 + Level 6.1 Stealth
 * Level 1.6 Shields
 + Level 8.2 Spellcasting
 + Level 9.5 Conjurations
 + Level 3.8 Hexes
 + Level 11.2 Fire Magic
 - Level 5.2 Invocations
 + Level 0.3 Evocations


You had 8 spell levels left.
You knew the following spells:

 Your Spells              Type           Power      Damage    Failure   Level
a - Foxfire               Conj/Fire      100%       2x1d9     1%          1
b - Conjure Flame         Conj/Fire      55%        6-21      1%          3
c - Inner Flame           Hex/Fire       44%        N/A       1%          3
d - Flame Wave            Conj/Fire      55%        3d10      1%          4
e - Scorch                Fire           100%       2d10      1%          2
f - Searing Ray           Conj           100%       2d8       1%          2
g - Fulminant Prism       Conj/Hex       20%        3d13      5%          4

Your spell library contained the following spells:

 Spells                   Type           Power      Damage    Failure   Level
 Magic Dart               Conj           100%       1d8       1%          1
 Apportation              Tloc           18%        N/A       9%          1
 Beastly Appendage        Tmut           18%        N/A       9%          1
 Sublimation of Blood     Necr           4%         N/A       14%         2
 Wereblood                Tmut           9%         N/A       14%         2
 Spider Form              Tmut/Pois      4%         N/A       26%         3
 Irradiate                Conj/Tmut      15%        3d18      34%         5
 Petrify                  Tmut/Erth      9%         N/A       65%         4
 Alistair's Intoxication  Tmut/Pois      6%         N/A       94%         5
 Invisibility             Hex            13%        N/A       96%         6


Dungeon Overview and Level Annotations

Branches:
Dungeon (12/15)            Temple (1/1) D:5            Lair (0/6) D:11
    Orc (1/2) D:11        Ossuary (visited)          Bailey (visited)

Altars:
Ashenzari
Cheibriados
Dithmenos
Elyvilon
Gozag
Hepliaklqana
Kikubaaqudgha
Makhleb
Nemelex Xobeh
Okawaru
Ru
Sif Muna
Trog
Uskayaw
Vehumet
Wu Jian
Xom
The Shining One

Shops:
D:5 !

Portals:
Abyss: D:4
Trove: D:10 (give +4 demon trident)

Annotations:
D:2 Terence
D:4 2 transporters, AarnesTheHuman's ghost, amateur BaIE
D:8 Gastronok
D:11 2 transporters, Marsius's ghost, journeyman DDBe
D:12 Jorgrun


Innate Abilities, Weirdness & Mutations

You cannot wear most types of armour.
You are amphibious.
You can wear up to eight rings at the same time.
Your skin changes colour to match your surroundings (Stealth+).
Your rubbery body absorbs attacks. (AC +1, EV +1)
((You are camouflaged near water. (Stealth+)))
You have tentacles for arms and can constrict up to eight enemies at once.
You have a beak for a mouth.
One of your tentacles bears a nasty spike.
Your flesh is cold resistant. (rC+)
You have hidden genetic potential.
You passively dampen the noise of your surroundings.


Message History

Aim: Jorgrun, wielding a +0 vorpal quarterstaff and wearing a +2 robe of fire resistance (chance to affect: 18%) Jorgrun is filled with an inner flame.
Casting: Inner Flame (safe; 1% risk of failure)
Confirm with . or Enter, or press ? or * to list all spells.
Aiming: Fulminant Prism (dangerous; 5% risk of failure)
Press: ? - help, Dir - move target, p - Jorgrun You conjure a prism of explosive energy!
A fulminant prism comes into view.
Jorgrun casts a spell at you.
You are slowing down.
Aiming: Corrosive Bolt
Press: ? - help, Shift-Dir - straight line, f - Jorgrun
Aim: Jorgrun, wielding a +0 vorpal quarterstaff and wearing a +2 robe of fire resistance (inner flame, ally target, 53% to hit)
The bolt of acid hits Jorgrun!
Flame seeps out of Jorgrun.
Jorgrun is lightly wounded.
Jorgrun is engulfed in blazing flames.
Flame seeps out of Jorgrun.
Jorgrun casts a spell at you.
You shatter!!!
Your fulminant prism crackles loudly.
Jorgrun is engulfed in blazing flames.
Flame seeps out of Jorgrun.
Jorgrun gestures at you while chanting.
You shatter!!!
Ouch! That really hurt!
* * * LOW HITPOINT WARNING * * *
Your limbs are stiffening.
Aiming: Corrosive Bolt
Press: ? - help, Shift-Dir - straight line, f/p - Jorgrun
Aim: Jorgrun, wielding a +0 vorpal quarterstaff and wearing a +2 robe of fire resistance (flame, lightly wounded, inner flame, ally target, 53% to hit)
The bolt of acid misses Jorgrun.
Your fulminant prism explodes!
The blast of energy engulfs Jorgrun!!
Flame seeps out of Jorgrun.
Jorgrun is moderately wounded.
Jorgrun is engulfed in blazing flames.
Flame seeps out of Jorgrun.
You have turned to stone.
Jorgrun casts a spell at you. The iron shot hits you.
* * * LOW HITPOINT WARNING * * *
Jorgrun gestures at you while chanting.
You shatter!!!
You die...

#..........#
########.###
#.# #####.#
#.....#
#####'#######
##...........#
#.'...........#
..#......@....#
#...........#
#......g....#
#..........>#
#.<.........#
#...........#
#...........#
###'##.######


You could see Jorgrun (inner flame).

Vanquished Creatures
  A hydra (D:11)
  A boulder beetle (D:11)
  A two-headed ogre (D:11)
  Pikel (D:6)
  An orc knight (Orc:1)
  2 ugly things (D:11)
  3 cyclopes
  2 manticores
  3 centaur zombies
  An unseen horror (D:10)
  3 trolls
  Sigmund (D:3)
  A vampire (D:12)
  A wyvern (D:7)
  4 wraiths
  10 yaks
  A steam dragon (D:8)
  3 wargs
  Duvessa (D:6)
  3 black bears
  An ice beast (D:6)
  20 orc warriors
  An ogre (Orc:1)
  9 centaurs
  A lemure (D:6)
  A kobold brigand (D:8)
  2 elf zombies (D:8)
  A wyvern zombie (D:6)
  An elf skeleton (D:8)
  A bullfrog (D:8)
  A gnoll sergeant (D:10)
  Dowan (D:6)
  2 scorpions
  3 killer bees (D:9)
  3 wights (D:9)
  2 howler monkeys (D:10)
  A bullfrog zombie (D:5)
  A hound (D:7)
  6 orc priests
  Crazy Yiuf (D:7)
  2 centaur skeletons
  3 jellies
  3 bullfrog skeletons
  A gnoll shaman (D:5)
  A human zombie (D:8)
  2 human skeletons (D:8)
  10 orc wizards
  2 mummies (Ossuary)
  A howler monkey zombie (D:10)
  Robin (D:3)
  17 gnolls
  7 adders
  3 dart slugs
  56 orcs
  7 ball pythons
  7 endoplasms
  A giant cockroach (D:1)
  A gnoll zombie (Ossuary)
  19 goblins
  5 hobgoblins
  8 kobolds
  4 bats
  2 frilled lizards
  8 goblin zombies (Ossuary)
  A hobgoblin zombie (Ossuary)
  4 orc zombies (Ossuary)
  3 rats (D:1)
282 creatures vanquished.

Vanquished Creatures (collateral kills)
  8 foxfires (D:3)
8 creatures vanquished.

Vanquished Creatures (others)
  A human (D:7)
  A bush (D:3)
  1036 foxfires
  12 fulminant prisms
  A plant (D:11)
1051 creatures vanquished.

Grand Total: 1341 creatures vanquished

Notes
Turn   | Place    | Note
-------+----------+-------------------------------------------
     0 | D:1      | Conn the Octopode Fire Elementalist began the quest for the
                  | Orb.
     0 | D:1      | Reached XP level 1. HP: 11/11 MP: 3/3
   170 | D:1      | Reached XP level 2. HP: 15/17 MP: 0/5
   599 | D:1      | Reached XP level 3. HP: 21/21 MP: 2/6
  1274 | D:1      | Learned a level 3 spell: Conjure Flame
  1293 | D:1      | Learned a level 3 spell: Inner Flame
  2107 | D:3      | Noticed Terence
  2377 | D:3      | Reached XP level 4. HP: 27/27 MP: 1/7
  2602 | D:3      | Noticed Sigmund
  2678 | D:3      | Killed Sigmund
  2679 | D:3      | Reached skill level 1 in Polearms
  2679 | D:3      | Reached skill level 4 in Fire Magic
  2679 | D:3      | Reached XP level 5. HP: 17/31 MP: 2/9
  2864 | D:3      | Reached XP level 6. HP: 31/36 MP: 4/10
  2887 | D:3      | Noticed Robin
  2916 | D:3      | Found a faded altar of an unknown god.
  3258 | D:3      | Killed Robin
  3264 | D:3      | Found a snail-covered altar of Cheibriados.
  3718 | D:3      | Noticed a sky beast
  4087 | D:4      | Found a one-way gate to the infinite horrors of the Abyss.
  4087 | D:4      | Noticed AarnesTheHuman's ghost (amateur BaIE)
  4095 | D:4      | Found a transporter.
  4096 | D:4      | Found a transporter.
  4107 | D:4      | Noticed a black bear
  4141 | D:4      | Killed a black bear
  4142 | D:4      | Reached XP level 7. HP: 26/42 MP: 7/12
  4567 | D:4      | Reached skill level 1 in Fighting
  4567 | D:4      | Reached skill level 5 in Fire Magic
  5268 | D:5      | Entered Level 5 of the Dungeon
  5468 | D:5      | Found Bov Orit's Distillery.
  5516 | D:5      | Found a sacrificial altar of Ru.
  5634 | D:5      | Found a staircase to the Ecumenical Temple.
  5640 | Temple   | Entered the Ecumenical Temple
  5688 | Temple   | Became a worshipper of Sif Muna the Loreminder
  5882 | D:5      | Found a glowing golden altar of the Shining One.
  6115 | D:5      | Reached XP level 8. HP: 35/48 MP: 2/13
  6788 | D:6      | Noticed Pikel
  6798 | D:6      | Killed Pikel
  6799 | D:6      | Reached skill level 6 in Fire Magic
  7097 | D:6      | Found an opulent altar of Gozag.
  7140 | D:6      | Noticed Dowan
  7141 | D:6      | Noticed Duvessa
  7178 | D:7      | Noticed a manticore
  7185 | D:7      | Killed a manticore
  7186 | D:7      | Reached skill level 5 in Stealth
  7186 | D:7      | Reached skill level 5 in Conjurations
  7186 | D:7      | Reached skill level 1 in Hexes
  7186 | D:7      | Reached skill level 7 in Fire Magic
  7186 | D:7      | Reached XP level 9. HP: 4/54 MP: 12/16
  7640 | D:7      | Reached skill level 5 in Spellcasting
  7928 | D:7      | Found a runed translucent door.
  7929 | D:7      | Noticed Crazy Yiuf
  7949 | D:7      | Killed Crazy Yiuf
  8102 | D:7      | Found an ancient bone altar of Kikubaaqudgha.
  8472 | D:6      | Killed Duvessa
  8479 | D:6      | Killed Dowan
  8727 | D:8      | Found a sand-covered staircase.
  8776 | Ossuary  | Entered an ossuary
  8980 | Ossuary  | Reached * piety under Sif Muna
  9220 | D:8      | Noticed Gastronok
  9241 | D:7      | Reached skill level 8 in Fire Magic
  9542 | D:8      | Reached XP level 10. HP: 56/61 MP: 11/18
  9790 | D:9      | Learned a level 4 spell: Flame Wave
  9793 | D:9      | Learned a level 2 spell: Scorch
  9796 | D:9      | Learned a level 2 spell: Searing Ray
  9801 | D:9      | Learned a level 4 spell: Fulminant Prism
  9812 | D:9      | Found a flagged portal.
  9933 | Bailey   | Entered a bailey
 10119 | Bailey   | Reached ** piety under Sif Muna
 10196 | Bailey   | Reached skill level 1 in Invocations
 11074 | Bailey   | Reached skill level 9 in Fire Magic
 11498 | D:9      | Found a white marble altar of Elyvilon.
 11506 | D:9      | Found a broken altar of Ashenzari.
 11603 | D:9      | Found a shimmering altar of Xom.
 12391 | D:10     | Entered Level 10 of the Dungeon
 12410 | D:10     | Reached XP level 11. HP: 62/67 MP: 15/21
 12696 | D:10     | Found a portal to a secret trove of treasure.
 12857 | D:10     | Reached skill level 10 in Fire Magic
 13159 | D:10     | Found an ornate altar of the Wu Jian Council.
 13227 | D:10     | Reached *** piety under Sif Muna
 13337 | D:11     | Noticed a brown ugly thing
 13349 | D:11     | Found a transporter.
 13351 | D:11     | Killed a brown ugly thing
 13359 | D:11     | Noticed a six-headed hydra
 13367 | D:11     | Killed a six-headed hydra
 13375 | D:11     | Noticed a two-headed ogre
 13497 | D:11     | Gained mutation: You passively map a small area around you.
                  | [potion of mutation]
 13498 | D:11     | Lost mutation: You passively map a small area around you.
                  | [potion of mutation]
 13498 | D:11     | Gained mutation: You are agile. (Dex +2) [potion of
                  | mutation]
 13498 | D:11     | Gained mutation: Your magical capacity is low. (-10% MP)
                  | [potion of mutation]
 13498 | D:11     | Gained mutation: You have a beak for a mouth. [potion of
                  | mutation]
 13499 | D:11     | Lost mutation: You are agile. (Dex +2) [potion of mutation]
 13499 | D:11     | Lost mutation: Your magical capacity is low. (-10% MP)
                  | [potion of mutation]
 13499 | D:11     | Gained mutation: You occasionally shout uncontrollably at
                  | your foes. [potion of mutation]
 13500 | D:11     | Lost mutation: You occasionally shout uncontrollably at
                  | your foes. [potion of mutation]
 13500 | D:11     | Gained mutation: One of your tentacles bears a spike.
                  | [potion of mutation]
 13500 | D:11     | Gained mutation: Your flesh is cold resistant. (rC+)
                  | [potion of mutation]
 13500 | D:11     | Gained mutation: You have hidden genetic potential. [potion
                  | of mutation]
 13500 | D:11     | Gained mutation: One of your tentacles bears a nasty spike.
                  | [potion of mutation]
 13511 | D:11     | Noticed a manticore
 13522 | D:11     | Killed a manticore
 13530 | D:11     | Noticed a white ugly thing
 13543 | D:11     | Killed a white ugly thing
 13636 | D:11     | Noticed Marsius's ghost (journeyman DDBe)
 13768 | D:11     | Found a transporter.
 13812 | D:11     | Killed a two-headed ogre
 13823 | D:11     | Noticed a cyclops
 13945 | D:11     | Identified the +1 ring mail "Afot" {rC+ MP+9 Dex+4}
 14063 | D:11     | Found a staircase to the Lair.
 14103 | D:11     | Noticed a cyclops
 14111 | D:11     | Killed a cyclops
 14152 | D:11     | Killed a cyclops
 14372 | D:11     | Found a staircase to the Orcish Mines.
 14446 | D:11     | Reached skill level 5 in Invocations
 14446 | D:11     | Reached XP level 12. HP: 72/72 MP: 16/23
 14521 | D:11     | Noticed a boulder beetle
 14605 | D:11     | Killed a boulder beetle
 14606 | D:11     | Reached skill level 11 in Fire Magic
 15031 | Orc:1    | Entered Level 1 of the Orcish Mines
 15048 | Orc:1    | Reached skill level 1 in Shields
 15281 | D:12     | Noticed Jorgrun
 15439 | D:12     | Reached **** piety under Sif Muna
 15443 | D:12     | Gained mutation: You passively dampen the noise of your
                  | surroundings. [hidden potential]
 15521 | D:12     | Killed from afar by Jorgrun

Illustrated notes

Levels and vault maps discovered:
D:1:      matt_arrival_los_fun, layout_basic
D:2:      layout_basic, minmay_crystal_room
D:3:      layout_basic, kennysheep_slug_shrine, shapermc_ecumenical_altar_venn,
          minmay_hedge_maze, lightli_corner_chamber, uniq_robin, uniq_terence,
          uniq_sigmund
D:4:      layout_basic, gammafunk_ghost_abyssal_escape,
          chequers_serial_rivers_marsh
D:5:      layout_loops_ring, nicolae_overflow_hidden_temple, lemuel_round_altar,
          minmay_temple_entry_nine_rooms, serial_shops, shop,
          grunt_decor_clamped, dk_vineyard_3
D:6:      layout_loops_ring, nicolae_gozag_cash_rules_everything_around_me,
          uniq_duvessa, uniq_pikel
D:7:      layout_basic, tgw_kikubaaqudgha, uniq_crazy_yiuf_cottage
D:8:      layout_rooms, nicolae_ossuary_entry_catacombs,
          minmay_stone_trees_small, uniq_gastronok
D:9:      layout_rooms, xom_teletrap_fun, mainiacjoe_overflow_catwalk_spiral,
          enter_bailey_3
D:10:     layout_roguey, pdpol_wu_jian_five_deadly_venoms, enter_trove_2,
          minivault_19, minmay_misc_feat_tower
D:11:     layout_small_grid, erik_lair_orcish_takeover, david_orc_3,
          gammafunk_ghost_stat_death
D:12:     layout_roguey, muffindrake_ghost_dual_entry, uniq_fannar, uniq_jorgrun
Temple:   nicolae_temple_god_jail
Orc:1:    layout_caves, basic_altar, serial_shops, shop,
          hangedman_feature_mirror

Skill      XL: |  1  2  3  4  5  6  7  8  9 10 11 12 |
---------------+-------------------------------------+-----
Stealth        | 3 4 5 6 |  6.1
Polearms       | 1 2 3 4 |  4.8
Spellcasting   | 3 4 5 6 7 8 |  8.2
Conjurations   | 2 3 5 6 8 9 |  9.5
Fire Magic     | 4 5 7 8 9 10 11 | 11.2
Fighting       | 1 2 3 |  3.5
Dodging        | 3 |  3.9
Hexes          | 1 2 3 |  3.8
Invocations    | 2 5 |  5.2
Shields        | 1 |  1.6
Throwing       | |  0.2
Evocations     | |  0.3

Action                   |  1- 3 |  4- 6 |  7- 9 | 10-12 || total
-------------------------+-------+-------+-------+-------++-------
Melee: Unarmed           |     4 |       |       |       ||     4
       Constrict         |     2 |     5 |    16 |     7 ||    30
       Tentacles         |     2 |     3 |    16 |     9 ||    30
       Dagger            |     8 |       |       |       ||     8
       Spear             |    10 |    47 |    95 |    77 ||   229
       Peck              |       |       |       |     1 ||     1
Throw: Throwing net      |       |       |     3 |     1 ||     4
 Cast: Foxfire           |    55 |    41 |   165 |   344 ||   605
       Conjure Flame     |       |     3 |     8 |     5 ||    16
       Inner Flame       |       |     2 |    18 |    55 ||    75
       Flame Wave        |       |       |       |    11 ||    11
       Searing Ray       |       |       |       |     9 ||     9
       Fulminant Prism   |       |       |       |    12 ||    12
       Scorch            |       |       |       |     1 ||     1
Invok: Channel Magic     |       |       |       |     3 ||     3
Evoke: Wand              |       |       |     5 |     2 ||     7
  Use: Scroll            |     3 |     6 |     1 |    19 ||    29
       Potion            |       |     3 |     2 |     5 ||    10
 Stab: Sleeping          |       |     2 |     7 |     2 ||    11
       Distracted        |       |       |     1 |       ||     1
Armor: Skin              |     4 |     2 |     6 |    23 ||    35
Dodge: Dodged            |    27 |    41 |    91 |   201 ||   360
Block: Buckler           |       |       |       |     1 ||     1

Table legend: (Time is in decaauts)
 A = Elapsed time spent in this place.
 B = Non-inter-level travel time spent in this place.
 C = Inter-level travel time spent in this place.
 D = Time resting spent in this place.
 E = Time spent auto-exploring this place.
 F = Levels seen in this place.
 G = Mean time per level.
                   A        B        C        D        E       F      G
               +--------+--------+--------+--------+--------+-----+--------+
         Total |  15514 |  15369 |    145 |   2825 |   7840 |  16 |  969.6 |
       Dungeon |  13373 |  13229 |    144 |   1852 |   7581 |  12 | 1114.4 |
        Temple |     57 |     57 |      0 |      0 |     35 |   1 |   57.0 |
  Orcish Mines |    121 |    121 |      0 |     64 |      0 |   1 |  121.0 |
       Ossuary |    425 |    425 |      0 |    273 |      0 |   1 |  425.0 |
        Bailey |   1535 |   1535 |      0 |    636 |    224 |   1 | 1535.0 |
               +--------+--------+--------+--------+--------+-----+--------+

Top non-repeatable levels by time:
    D:11: 1612 daAuts
     D:3: 1551 daAuts
  Bailey: 1535 daAuts
     D:4: 1431 daAuts
     D:1: 1350 daAuts
     D:5: 1213 daAuts
     D:7: 1209 daAuts
    D:10: 1153 daAuts
     D:6: 1115 daAuts
     D:9: 1067 daAuts
     D:2: 938 daAuts
     D:8: 490 daAuts
 Ossuary: 425 daAuts
    D:12: 241 daAuts
   Orc:1: 121 daAuts
